 Dungeon Crawl Stone Soup version 0.23.1-37-gaa34b87b72 (webtiles) character file.

Game seed: 8477665860114334422

53 Gargoyl the Skirmisher (level 3, -8/31 HPs)
             Began as a Centaur Abyssal Knight on Mar 21, 2019.
             Was a Follower of Lugonu.
             Mangled by Crazy Yiuf
             ... wielding a +2 quarterstaff of chaos
              (9 damage)
             ... on level 2 of the Dungeon.
             The game lasted 00:02:46 (1740 turns).

Gargoyl the Skirmisher (Centaur Abyssal Knight)     Turns: 1740, Time: 00:02:48

Health: -8/31      AC:  9    Str: 14    XL:     3   Next: 62%
Magic:  0/4        EV:  1    Int: 11    God:    Lugonu [*.....]
Gold:   193        SH:  0    Dex:  9    Spells: 2/2 levels left

rFire    . . .     SeeInvis .   a - +1 hand axe
rCold    . . .     Gourm    .   (no shield)
rNeg     . . .     Faith    .   f - +0 plate armour
rPois    .         Spirit   .   e - +0 helmet
rElec    .         Reflect  .   (no cloak)
rCorr    .         Harm     .   (no gloves)
MR       .....                  (no barding)
Stlth    ..........             (no amulet)
HPRegen  0.10/turn              (no ring)
MPRegen  0.09/turn              (no ring)

@: very slightly contaminated, lightly drained, invisible, very quick
A: large, hooves 3, deformed body, speed 2, tough skin 3
a: Depart the Abyss, Renounce Religion


You were on level 2 of the Dungeon.
You worshipped Lugonu.
Lugonu was aware of your devotion.
You were hungry.

You visited 1 branch of the dungeon, and saw 2 of its levels.
You visited the Abyss 1 time.

You collected 193 gold pieces.

Inventory:

Hand Weapons
 a - a +1 hand axe (weapon)
Armour
 e - a +0 helmet (worn)
 f - a +0 plate armour (worn)
Scrolls
 b - a scroll of remove curse {unknown}
 d - 2 scrolls of teleportation {unknown}
 g - 2 scrolls of identify {unknown}
Potions
 h - 2 potions of curing {unknown}
 i - a potion of berserk rage {unknown}
Comestibles
 c - 4 rations


   Skills:
 + Level 3.5(3.3) Fighting
 + Level 2.1(1.9) Axes
 * Level 1.8(1.6) Armour
 * Level 1.2(0.9) Dodging
 * Level 2.3(2.1) Invocations


You had 2 spell levels left.
You didn't know any spells.
Your spell library was empty.

Dungeon Overview and Level Annotations

Branches:
Dungeon (2/15)

Altars:

Annotations:
D:2 Crazy Yiuf


Innate Abilities, Weirdness & Mutations

You have hooves in place of feet.
Armour fits poorly on your strangely shaped body.
You cover ground very quickly.
You have extremely tough skin. (AC +3)


Message History

Crazy Yiuf hits you with a +2 quarterstaff of chaos!
Crazy Yiuf freezes you.
You hit Crazy Yiuf. You kick Crazy Yiuf, but do no damage.
Crazy Yiuf is almost dead.
Crazy Yiuf hits you with a +2 quarterstaff of chaos.
You feel drained.
You hit Crazy Yiuf but do no damage.
Crazy Yiuf is almost dead.
Crazy Yiuf grits, "Ice illywillydillykilly childish!"
Crazy Yiuf hits you but does no damage.
You fade into invisibility!
You are very lightly contaminated with residual magic.
You hit Crazy Yiuf but do no damage.
Crazy Yiuf is almost dead.
Crazy Yiuf says, "Leather!"
Crazy Yiuf hits you with a +2 quarterstaff of chaos!
* * * LOW HITPOINT WARNING * * *
You feel your power leaking away.
Crazy Yiuf hits you with a +2 quarterstaff of chaos!
You die...

.# #....# .#
#....# .#
♣....♣ .#
♣...♣♣ .#
♣♣.♣♣ .# ♣.♣♣
.### ♣♣.♣
...#########
♣.♣♣
.#.÷.......#
♣♣@♣
..##.......#
#g#
#.##.......#
...
..##.......#
#...#
..###......#
#..)#
..###......#
#####
..#........#
#...#......##
............#


You could see Crazy Yiuf.

Vanquished Creatures
  An adder (D:2)
  An ooze (D:1)
  A worm (D:2)
  A giant cockroach (D:1)
  8 goblins
  6 hobgoblins
  4 jackals (D:1)
  A quokka (D:2)
  A ball python skeleton (D:2)
  A bat (D:1)
  5 frilled lizards
  3 kobolds
  A rat (D:2)
34 creatures vanquished.

Notes
Turn   | Place    | Note
-------+----------+-------------------------------------------
     0 | Abyss:1  | Gargoyl the Centaur Abyssal Knight began the quest for the
                  | Orb.
     0 | Abyss:1  | Reached XP level 1. HP: 19/19 MP: 2/2
    30 | Abyss:1  | Noticed a smoke demon
    75 | Abyss:2  | Noticed a bone dragon
    91 | Abyss:2  | Noticed a small abomination
    97 | Abyss:2  | Noticed a thrashing horror
   102 | D:1      | Escaped the Abyss
   316 | D:1      | Reached * piety under Lugonu
   316 | D:1      | Reached XP level 2. HP: 26/26 MP: 3/3
   756 | D:1      | Reached skill level 1 in Dodging
   969 | D:2      | Reached XP level 3. HP: 30/31 MP: 4/4
  1424 | D:2      | Found a runed translucent door.
  1425 | D:2      | Noticed Crazy Yiuf
  1740 | D:2      | HP: 1/31 [Crazy Yiuf/+2 quarterstaff of chaos (9)]
  1740 | D:2      | Mangled by Crazy Yiuf

Skill      XL: |  1  2 |
---------------+-------+-----
Axes           | 2 |  2.1
Dodging        | 1 |  1.2
Fighting       | |  3.5
Armour         | |  1.8
Invocations    | |  2.3

Action                   || total
-------------------------++-------
Melee: Hand axe          ||   104
       Kick              ||    12
Invok: Depart the Abyss  ||     1
  Use: Scroll            ||     1
  Eat: Chunk             ||     1
Armor: Chain mail        ||    38
       Plate armour      ||    61
Dodge: Dodged            ||    24
